Stars vs Flames
Created - April 7, 2019 at 20:50
Goals
|
| Stars |
1 |
0 |
3 |
4 |
| Flames |
1 |
0 |
1 |
2 |
|
Shots
|
| Stars |
9 |
13 |
7 |
29 |
| Flames |
15 |
4 |
8 |
27 |
|
1st period
1. Flames , Peter Prucha 14 (Patrik Berglund 29, Brad Marchand 25) at 16:43
2. Stars , Antoine Vermette 12 (Jussi Jokinen 42) at 19:10
Penalties :
B.J. Crombeen (Dal) for Tripping (Minor) at 1:01, David Backes (Cal) for Roughing (Minor) at 19:39
2nd period
No Goal
Penalties :
John Tavares (Dal) for Tripping (Minor) at 0:06, Mikhail Grabovski (Cal) for Hooking (Minor) at 4:50, Jordin Tootoo (Cal) for Roughing (Double Minor) at 15:51
3rd period
3. Flames , David Backes 41 (Eric Staal 61) at 1:00 (PP)
4. Stars , Evgeny Grachev 10 (Boris Valabik 12, Niklas Hjalmarsson 10) at 12:36
5. Stars , Michael Grabner 23 (John Tavares 44, Drew Fata 35) at 15:02 (PP)
6. Stars , Patrick Sharp 17 (Cory Emmerton 23, Drew Fata 36) at 15:16
Penalties :
Michael Grabner (Dal) for Hooking (Minor) at 0:50, Jussi Jokinen (Dal) for Roughing (Minor) at 6:52, Jordin Tootoo (Cal) for Tripping (Minor) at 7:45, Brendan Mikkelson (Cal) for Hooking (Minor) at 14:24, Jordin Tootoo (Cal) for Holding Stick (Minor) at 15:19
Goalie Stats
Brian Elliott (Dal), 25 saves from 27 shots - (0.926), W, 27-26-7, 60:00 minutes
Pekka Rinne (Cal), 25 saves from 29 shots - (0.862), L, 20-22-2, 60:00 minutes
Players Stats for Stars
Player Name G A P +/- PIM S H SB GA TA FO MP PP MP PK MP
------------------------------------------------------------------------------------
Alex Chiasson 0 0 0 0 0 1 0 0 0 0 2/2 16:13 0:51 0:00
Antoine Vermette 1 0 1 1 0 1 1 0 2 0 3/6 16:49 4:05 0:20
B.J. Crombeen 0 0 0 0 2 1 2 0 0 0 0/0 13:25 4:05 0:00
Boris Valabik 0 1 1 1 0 0 0 1 0 0 0/0 11:35 0:34 0:00
Brian Lee 0 0 0 0 0 1 1 2 0 0 0/0 19:39 3:58 0:53
Cory Emmerton 0 1 1 0 0 3 0 0 1 0 0/4 10:18 0:02 0:20
Drew Fata 0 2 2 1 0 1 0 4 0 0 0/0 28:46 5:23 2:36
Dustin Penner 0 0 0 1 0 1 0 0 0 0 0/0 9:13 0:18 0:28
Evgeny Artyukhin 0 0 0 1 0 1 1 0 0 0 0/1 8:08 0:20 0:00
Evgeny Grachev 1 0 1 1 0 3 0 0 1 0 1/1 8:10 0:15 0:00
Guillaume Latendresse 0 0 0 0 0 4 3 0 1 0 0/3 23:16 4:59 2:14
Ian White 0 0 0 1 0 3 0 3 0 1 0/0 28:46 5:23 2:36
John Tavares 0 1 1 0 2 2 1 1 0 0 13/34 22:10 5:02 2:05
Johnny Oduya 0 0 0 0 0 3 0 1 0 2 0/0 19:39 3:58 0:53
Jussi Jokinen 0 1 1 1 2 0 0 1 0 0 0/0 16:48 4:07 0:44
Michael Grabner 1 0 1 1 2 2 0 0 1 2 0/0 18:05 4:59 0:47
Niklas Hjalmarsson 0 1 1 1 0 0 0 1 0 2 0/0 11:35 0:34 0:00
Patrick Sharp 1 0 1 0 0 2 1 0 0 0 1/2 11:14 0:41 0:00
Players Stats for Flames
Player Name G A P +/- PIM S H SB GA TA FO MP PP MP PK MP
------------------------------------------------------------------------------------
Alexander Semin 0 0 0 -1 0 1 0 0 1 0 0/0 19:04 2:09 1:16
Brad Marchand 0 1 1 1 0 2 2 0 1 0 0/0 20:06 1:19 4:29
Brendan Mikkelson 0 0 0 -1 2 0 0 1 0 1 0/0 13:10 0:00 0:50
Colin Wilson 0 0 0 -2 0 1 3 0 0 0 4/5 9:30 0:05 0:25
David Backes 1 0 1 -1 2 4 0 1 0 0 0/0 18:09 2:10 0:08
David Ullstrom 0 0 0 -2 0 2 1 1 0 1 1/1 13:23 0:00 4:08
Derek Meech 0 0 0 0 0 0 0 0 3 0 0/0 21:54 1:03 5:12
Eric Staal 0 1 1 -1 0 4 0 1 0 0 24/36 22:26 2:04 4:15
Erik Johnson 0 0 0 -1 0 3 0 0 0 1 0/0 25:01 2:26 4:08
Jonathan Ferland 0 0 0 0 0 0 0 0 0 0 1/1 8:26 0:00 1:41
Jordin Tootoo 0 0 0 -2 8 1 1 0 0 0 0/1 10:06 1:18 0:00
Mikhail Grabovski 0 0 0 0 2 0 0 0 1 1 0/2 10:12 0:00 3:34
Patrik Berglund 0 1 1 1 0 4 3 0 0 0 3/6 15:57 1:20 0:00
Peter Prucha 1 0 1 1 0 2 3 1 1 0 0/1 14:24 0:01 0:00
Sami Vatanen 0 0 0 -1 0 1 1 1 0 1 0/0 14:05 1:02 0:06
Steve Eminger 0 0 0 0 0 0 0 0 0 1 0/0 20:25 0:01 5:12
Tom Poti 0 0 0 -1 0 2 1 2 0 0 0/0 25:09 2:26 4:16
Vladimir Zharkov 0 0 0 0 0 0 0 0 0 0 0/0 5:54 0:00 0:00
3 Stars
1 - Drew Fata (Dal)
2 - Antoine Vermette (Dal)
3 - Peter Prucha (Cal)
Power Play
Stars - 1 on 7 Attempt(s) - 14.29%
Flames - 1 on 4 Attempt(s) - 25.00%
Penalty Kill
Stars - 3 on 4 Attempt(s) - 75.00%
- Score 0 goal in Penalty Kill
Flames - 6 on 7 Attempt(s) - 85.71%
- Score 0 goal in Penalty Kill
Team Stat
Stars - Hits : 10 - Faceoff Wins : 20 - Blocked Shots : 14 - Penalty Minutes : 8
Flames - Hits : 15 - Faceoff Wins : 33 - Blocked Shots : 8 - Penalty Minutes : 14
Official
Referees : Unknown
Linesman : Unknown
Game Notes
No Game Note
Finance
Level 1 -- Attendance: 5754 (95.90%) -- Ticket Income $523,614
Level 2 -- Attendance: 4159 (83.18%) -- Ticket Income $237,063
Level 3 -- Attendance: 2000 (100.00%) -- Ticket Income $74,000
Level 4 -- Attendance: 3479 (86.98%) -- Ticket Income $93,933
Luxury Box -- Attendance: 1000 (100.00%) -- Ticket Income $162,000
Game was played at the Metal Center.
Total Attendance: 16392 (91.07%)
Total Ticket Income: $1,090,610
Other Income: $163,592
Total Income: $1,254,202
Stars
5 vs 5 Forward
Center Left Wing Right Wing Time % Phy DF OF
1 John Tavares Guillaume Latendresse Alex Chiasson 40 1 2 2
2 Antoine Vermette Jussi Jokinen Michael Grabner 30 1 2 2
3 Cory Emmerton Patrick Sharp B.J. Crombeen 20 1 2 2
4 Evgeny Grachev Dustin Penner Evgeny Artyukhin 10 1 2 2
5 vs 5 Defense
Defense Defense Time % Phy DF OF
1 Drew Fata Ian White 40 1 2 2
2 Brian Lee Johnny Oduya 30 1 2 2
3 Boris Valabik Niklas Hjalmarsson 20 1 2 2
4 Drew Fata Ian White 10 1 2 2
PowerPlay Forward
Center Left Wing Right Wing Time % Phy DF OF
1 John Tavares Guillaume Latendresse Michael Grabner 60 0 2 3
2 Antoine Vermette Jussi Jokinen B.J. Crombeen 40 0 2 3
PowerPlay Defense
Defense Defense Time % Phy DF OF
1 Drew Fata Ian White 60 0 2 3
2 Brian Lee Johnny Oduya 40 0 2 3
Penalty Kill 4 Players Forward
Center Wing Time % Phy DF OF
1 John Tavares Guillaume Latendresse 60 0 2 3
2 Jussi Jokinen Michael Grabner 40 0 2 3
Penalty Kill 4 Players Defense
Defense Defense Time % Phy DF OF
1 Drew Fata Ian White 60 0 2 3
2 Brian Lee Johnny Oduya 40 0 2 3
Penalty Kill - 3 Players Forward
Forward Time % Phy DF OF
1 John Tavares 60 0 3 2
2 Guillaume Latendresse 40 0 3 2
Penalty Kill - 3 Players Defense
Defense Defense Time % Phy DF OF
1 Drew Fata Ian White 60 0 3 2
2 Brian Lee Johnny Oduya 40 0 3 2
4 vs 4 Forward
Center Wing Time % Phy DF OF
1 John Tavares Guillaume Latendresse 60 1 2 2
2 Jussi Jokinen Michael Grabner 40 1 2 2
4 vs 4 Defense
Defense Defense Time % Phy DF OF
1 Drew Fata Ian White 60 1 2 2
2 Brian Lee Johnny Oduya 40 1 2 2
Last Minutes Offensive
Center Left Wing Right Wing Defense Defense
John Tavares Guillaume Latendresse Michael Grabner Drew Fata Ian White
Last Minutes Defensive
Center Left Wing Right Wing Defense Defense
John Tavares Guillaume Latendresse Michael Grabner Drew Fata Ian White
Goaltenders
Starting : Brian Elliott
Backup : Jhonas Enroth
Extra Forwards
Normal : Patrick Sharp, Alex Chiasson, Cory Emmerton - PP : Patrick Sharp, Alex Chiasson - PK : Cory Emmerton
Extra Defensemen
Normal : Boris Valabik, Niklas Hjalmarsson, Brian Lee - PP : Boris Valabik - PK : Niklas Hjalmarsson, Brian Lee
Penalty Shots
John Tavares, Guillaume Latendresse, Jussi Jokinen, Michael Grabner, Patrick Sharp
Scratches
None
Flames
5 vs 5 Forward
Center Left Wing Right Wing Time % Phy DF OF
1 Eric Staal Alexander Semin David Backes 40 1 2 2
2 Patrik Berglund Brad Marchand Peter Prucha 33 1 2 2
3 Colin Wilson David Ullstrom Jordin Tootoo 19 1 2 2
4 Mikhail Grabovski Vladimir Zharkov Jonathan Ferland 8 1 2 2
5 vs 5 Defense
Defense Defense Time % Phy DF OF
1 Erik Johnson Tom Poti 38 1 2 2
2 Derek Meech Steve Eminger 29 1 2 2
3 Brendan Mikkelson Sami Vatanen 23 1 2 2
4 Derek Meech Steve Eminger 10 1 2 2
PowerPlay Forward
Center Left Wing Right Wing Time % Phy DF OF
1 Eric Staal Alexander Semin David Backes 60 1 0 4
2 Patrik Berglund Brad Marchand Jordin Tootoo 40 1 0 4
PowerPlay Defense
Defense Defense Time % Phy DF OF
1 Erik Johnson Tom Poti 60 1 1 3
2 Derek Meech Sami Vatanen 40 1 1 3
Penalty Kill 4 Players Forward
Center Wing Time % Phy DF OF
1 Mikhail Grabovski Brad Marchand 50 1 4 0
2 Eric Staal David Ullstrom 50 1 4 0
Penalty Kill 4 Players Defense
Defense Defense Time % Phy DF OF
1 Derek Meech Steve Eminger 58 1 4 0
2 Erik Johnson Tom Poti 42 1 4 0
Penalty Kill - 3 Players Forward
Forward Time % Phy DF OF
1 Eric Staal 50 1 4 0
2 David Backes 50 1 4 0
Penalty Kill - 3 Players Defense
Defense Defense Time % Phy DF OF
1 Derek Meech Steve Eminger 58 1 4 0
2 Erik Johnson Tom Poti 42 1 4 0
4 vs 4 Forward
Center Wing Time % Phy DF OF
1 Eric Staal David Backes 60 1 2 2
2 Patrik Berglund Alexander Semin 40 1 2 2
4 vs 4 Defense
Defense Defense Time % Phy DF OF
1 Erik Johnson Tom Poti 60 1 2 2
2 Derek Meech Steve Eminger 40 1 2 2
Last Minutes Offensive
Center Left Wing Right Wing Defense Defense
Eric Staal Alexander Semin David Backes Erik Johnson Tom Poti
Last Minutes Defensive
Center Left Wing Right Wing Defense Defense
Eric Staal Alexander Semin David Backes Derek Meech Steve Eminger
Goaltenders
Starting : Pekka Rinne
Backup : Jonas Gustavsson
Extra Forwards
Normal : Brad Marchand, Peter Prucha, Patrik Berglund - PP : Brad Marchand, Colin Wilson - PK : Jonathan Ferland
Extra Defensemen
Normal : Derek Meech, Steve Eminger, Sami Vatanen - PP : Sami Vatanen - PK : Erik Johnson, Brendan Mikkelson
Penalty Shots
Eric Staal, Alexander Semin, David Backes, Brad Marchand, Patrik Berglund
Scratches
Steve Regier (Healthy)
% Time on Ice - Stars
Lines # - Real PCT - Wanted PCT - Time Play
Normal Forward
1 - 34% - 40% - 15:07
2 - 28% - 30% - 12:30
3 - 19% - 20% - 8:33
4 - 18% - 10% - 7:48
Normal Defense
1 - 40% - 40% - 17:23
2 - 32% - 30% - 13:53
3 - 25% - 20% - 11:01
4 - 4% - 10% - 1:41
PP Forward
1 - 59% - 60% - 5:50
2 - 41% - 40% - 4:05
PP Defense
1 - 60% - 60% - 5:57
2 - 40% - 40% - 3:58
PK Forward
1 - 78% - 60% - 2:42
2 - 22% - 40% - 0:47
PK Defense
1 - 75% - 60% - 2:36
2 - 25% - 40% - 0:53
PK3 Forward
1 - 0% - 60%
2 - 0% - 40%
PK3 Defense
1 - 0% - 60%
2 - 0% - 40%
44 Forward
1 - 85% - 60% - 2:15
2 - 15% - 40% - 0:23
44 Defense
1 - 65% - 60% - 1:43
2 - 35% - 40% - 0:55
Last Minute Offensive - 0:00
Last Minute Defensive - 0:00
Total
Forward - 60:00
Defense - 60:00
|
% Time on Ice - Flames
Lines # - Real PCT - Wanted PCT - Time Play
Normal Forward
1 - 35% - 40% - 15:25
2 - 32% - 33% - 14:04
3 - 20% - 19% - 8:35
4 - 13% - 8% - 5:54
Normal Defense
1 - 38% - 38% - 16:45
2 - 29% - 29% - 12:40
3 - 28% - 23% - 12:21
4 - 5% - 10% - 2:12
PP Forward
1 - 62% - 60% - 2:10
2 - 38% - 40% - 1:19
PP Defense
1 - 70% - 60% - 2:26
2 - 30% - 40% - 1:03
PK Forward
1 - 53% - 50% - 5:17
2 - 47% - 50% - 4:38
PK Defense
1 - 58% - 58% - 5:48
2 - 42% - 42% - 4:07
PK3 Forward
1 - 0% - 50%
2 - 0% - 50%
PK3 Defense
1 - 0% - 58%
2 - 0% - 42%
44 Forward
1 - 84% - 60% - 2:13
2 - 16% - 40% - 0:25
44 Defense
1 - 51% - 60% - 1:21
2 - 49% - 40% - 1:17
Last Minute Offensive - 0:00
Last Minute Defensive - 0:00
Total
Forward - 60:00
Defense - 60:00
|
Play-by-Play
1st period
0:01 of 1st period - Eric Staal wins face-off versus John Tavares in neutral zone.
0:06 of 1st period - Wrist shot by Eric Staal.
0:06 of 1st period - Shot Blocked by Drew Fata.
0:16 of 1st period - Wrist shot by Guillaume Latendresse.
0:16 of 1st period - Shot Misses the Net.
0:26 of 1st period - Ian White is hit by Peter Prucha and loses puck.
1:01 of 1st period - Minor Penalty to B.J. Crombeen for Tripping.
1:02 of 1st period - Eric Staal wins face-off versus John Tavares in Stars zone.
1:03 of 1st period - Snap shot by David Backes.
1:03 of 1st period - Stopped by Brian Elliott without a rebound.
1:04 of 1st period - Eric Staal wins face-off versus John Tavares in Stars zone.
1:09 of 1st period - Snap shot by Eric Staal.
1:09 of 1st period - Shot Blocked by Ian White.
1:11 of 1st period - Snap shot by Alexander Semin.
1:11 of 1st period - Shot Misses the Net.
1:13 of 1st period - Wrist shot by Erik Johnson.
1:13 of 1st period - Shot Blocked by Ian White.
1:15 of 1st period - Slapshot by Tom Poti.
1:15 of 1st period - Stopped by Brian Elliott with a rebound.
2:52 of 1st period - Eric Staal is hit by John Tavares and loses puck.
3:01 of 1st period - Penalty to B.J. Crombeen is over, B.J. Crombeen is back on ice.
3:12 of 1st period - Slapshot by Brian Lee.
3:12 of 1st period - Shot Misses the Net.
3:14 of 1st period - Slapshot by Johnny Oduya.
3:14 of 1st period - Stopped by Pekka Rinne with a rebound.
3:16 of 1st period - Wrist shot by Evgeny Artyukhin.
3:16 of 1st period - Stopped by Pekka Rinne without a rebound.
3:17 of 1st period - Evgeny Grachev wins face-off versus Mikhail Grabovski in Flames zone.
3:24 of 1st period - Snap shot by Evgeny Grachev.
3:24 of 1st period - Shot Misses the Net.
3:30 of 1st period - Slapshot by Evgeny Artyukhin.
3:30 of 1st period - Shot Hit the Post.
3:40 of 1st period - Backhand shot by Dustin Penner.
3:40 of 1st period - Shot Blocked by Brendan Mikkelson.
4:07 of 1st period - Off-side.
4:08 of 1st period - Eric Staal wins face-off versus John Tavares in neutral zone.
4:13 of 1st period - Snap shot by David Backes.
4:13 of 1st period - Shot Misses the Net.
4:25 of 1st period - Slapshot by Eric Staal.
4:25 of 1st period - Shot Misses the Net.
5:03 of 1st period - Slapshot by Erik Johnson.
5:03 of 1st period - Deflect By Jordin Tootoo.
5:03 of 1st period - Stopped by Brian Elliott with a rebound.
5:21 of 1st period - Snap shot by David Backes.
5:21 of 1st period - Stopped by Brian Elliott with a rebound.
7:03 of 1st period - Derek Meech is hit by Evgeny Artyukhin and loses puck.
7:08 of 1st period - Slapshot by Evgeny Grachev.
7:08 of 1st period - Deflect By Dustin Penner.
7:08 of 1st period - Shot Misses the Net.
7:08 of 1st period - Puck is out of play.
7:09 of 1st period - Eric Staal wins face-off versus John Tavares in Flames zone.
7:09 of 1st period - Eric Staal is hit by Guillaume Latendresse.
7:15 of 1st period - Slapshot by David Backes.
7:15 of 1st period - Shot Blocked by John Tavares.
7:17 of 1st period - Slapshot by David Backes.
7:17 of 1st period - Shot Misses the Net.
7:19 of 1st period - Wrist shot by David Backes.
7:19 of 1st period - Shot Misses the Net.
7:21 of 1st period - Slapshot by Eric Staal.
7:21 of 1st period - Shot Misses the Net.
7:23 of 1st period - Snap shot by Eric Staal.
7:23 of 1st period - Shot Misses the Net.
7:25 of 1st period - Snap shot by Eric Staal.
7:25 of 1st period - Stopped by Brian Elliott without a rebound.
7:26 of 1st period - Antoine Vermette wins face-off versus Patrik Berglund in Stars zone.
8:43 of 1st period - Slapshot by Erik Johnson.
8:43 of 1st period - Shot Blocked by Drew Fata.
8:45 of 1st period - Slapshot by Tom Poti.
8:45 of 1st period - Deflect By Ian White.
8:45 of 1st period - Stopped by Brian Elliott with a rebound.
9:19 of 1st period - Off-side.
9:20 of 1st period - John Tavares wins face-off versus Eric Staal in neutral zone.
9:23 of 1st period - Slapshot by Brian Lee.
9:23 of 1st period - Deflect By David Backes.
9:23 of 1st period - Stopped by Pekka Rinne without a rebound.
9:24 of 1st period - John Tavares wins face-off versus Eric Staal in Flames zone.
9:35 of 1st period - Wrist shot by John Tavares.
9:35 of 1st period - Stopped by Pekka Rinne without a rebound.
9:36 of 1st period - Eric Staal wins face-off versus John Tavares in Flames zone.
9:45 of 1st period - Wrist shot by Alexander Semin.
9:45 of 1st period - Stopped by Brian Elliott with a rebound.
10:28 of 1st period - Snap shot by Patrick Sharp.
10:28 of 1st period - Stopped by Pekka Rinne without a rebound.
10:29 of 1st period - Eric Staal wins face-off versus John Tavares in Flames zone.
11:06 of 1st period - Wrist shot by Brad Marchand.
11:06 of 1st period - Shot Hit the Post.
11:08 of 1st period - Slapshot by Erik Johnson.
11:08 of 1st period - Stopped by Brian Elliott with a rebound.
12:10 of 1st period - Snap shot by Guillaume Latendresse.
12:10 of 1st period - Stopped by Pekka Rinne with a rebound.
12:12 of 1st period - Slapshot by Ian White.
12:12 of 1st period - Stopped by Pekka Rinne without a rebound.
12:13 of 1st period - Patrik Berglund wins face-off versus Antoine Vermette in Flames zone.
12:20 of 1st period - Wrist shot by Brad Marchand.
12:20 of 1st period - Stopped by Brian Elliott without a rebound.
12:21 of 1st period - Antoine Vermette wins face-off versus Patrik Berglund in Stars zone.
12:21 of 1st period - Antoine Vermette is hit by Patrik Berglund.
12:39 of 1st period - Antoine Vermette is hit by Brad Marchand and loses puck.
13:00 of 1st period - Patrik Berglund is hit by Antoine Vermette.
13:26 of 1st period - Snap shot by Brad Marchand.
13:26 of 1st period - Shot Blocked by Boris Valabik.
13:28 of 1st period - Slapshot by Patrik Berglund.
13:28 of 1st period - Stopped by Brian Elliott with a rebound.
13:30 of 1st period - Slapshot by Erik Johnson.
13:30 of 1st period - Shot Blocked by Niklas Hjalmarsson.
13:32 of 1st period - Snap shot by Brad Marchand.
13:32 of 1st period - Shot Misses the Net.
13:34 of 1st period - Wrist shot by Patrik Berglund.
13:34 of 1st period - Stopped by Brian Elliott with a rebound.
13:36 of 1st period - Slapshot by Erik Johnson.
13:36 of 1st period - Stopped by Brian Elliott with a rebound.
13:46 of 1st period - Slapshot by Peter Prucha.
13:46 of 1st period - Shot Misses the Net.
14:08 of 1st period - Wrist shot by Patrik Berglund.
14:08 of 1st period - Stopped by Brian Elliott without a rebound.
14:09 of 1st period - John Tavares wins face-off versus Eric Staal in Stars zone.
14:42 of 1st period - Off-side.
14:43 of 1st period - Colin Wilson wins face-off versus Evgeny Artyukhin in neutral zone.
14:48 of 1st period - Johnny Oduya is hit by Colin Wilson and loses puck.
14:53 of 1st period - Backhand shot by Jordin Tootoo.
14:53 of 1st period - Shot Misses the Net.
14:55 of 1st period - Snap shot by David Ullstrom.
14:55 of 1st period - Shot Misses the Net.
14:57 of 1st period - Wrist shot by David Ullstrom.
14:57 of 1st period - Stopped by Brian Elliott without a rebound.
14:58 of 1st period - Alex Chiasson wins face-off versus Eric Staal in Stars zone.
15:06 of 1st period - Icing by Eric Staal.
15:07 of 1st period - Eric Staal wins face-off versus John Tavares in Flames zone.
15:24 of 1st period - David Backes is hit by Guillaume Latendresse and loses puck.
15:48 of 1st period - Icing by Ian White.
15:49 of 1st period - John Tavares wins face-off versus Colin Wilson in Stars zone.
15:49 of 1st period - John Tavares is hit by Sami Vatanen.
16:17 of 1st period - Slapshot by Cory Emmerton.
16:17 of 1st period - Stopped by Pekka Rinne without a rebound.
16:18 of 1st period - Patrik Berglund wins face-off versus Cory Emmerton in Flames zone.
16:39 of 1st period - Slapshot by Patrik Berglund.
16:39 of 1st period - Shot Misses the Net.
16:41 of 1st period - Snap shot by Peter Prucha.
16:41 of 1st period - Shot Misses the Net.
16:43 of 1st period - Slapshot by Peter Prucha.
16:43 of 1st period - Goal by Peter Prucha - Stars : 0 - Flames : 1.
16:44 of 1st period - Eric Staal wins face-off versus John Tavares in neutral zone.
18:43 of 1st period - Snap shot by Cory Emmerton.
18:43 of 1st period - Shot Misses the Net.
18:49 of 1st period - Johnny Oduya is hit by David Ullstrom.
19:10 of 1st period - Wrist shot by Antoine Vermette.
19:10 of 1st period - Goal by Antoine Vermette - Stars : 1 - Flames : 1.
19:11 of 1st period - Eric Staal wins face-off versus John Tavares in neutral zone.
19:15 of 1st period - Off-side.
19:16 of 1st period - Eric Staal wins face-off versus John Tavares in neutral zone.
19:31 of 1st period - Slapshot by Guillaume Latendresse.
19:31 of 1st period - Shot Misses the Net.
19:33 of 1st period - Slapshot by Guillaume Latendresse.
19:33 of 1st period - Shot Misses the Net.
19:39 of 1st period - Minor Penalty to David Backes for Roughing.
19:40 of 1st period - John Tavares wins face-off versus Mikhail Grabovski in Flames zone.
Goals for this period are 1 for Stars vs 1 for Flames.
Shots for this period are 9 for Stars vs 15 for Flames.
2nd period
0:01 of 2nd period - Eric Staal wins face-off versus Guillaume Latendresse in neutral zone.
0:06 of 2nd period - Minor Penalty to John Tavares for Tripping.
0:07 of 2nd period - Patrick Sharp wins face-off versus Eric Staal in Stars zone.
0:47 of 2nd period - Slapshot by Drew Fata.
0:47 of 2nd period - Stopped by Pekka Rinne without a rebound.
0:48 of 2nd period - Alex Chiasson wins face-off versus Peter Prucha in Flames zone.
0:59 of 2nd period - Snap shot by Cory Emmerton.
0:59 of 2nd period - Stopped by Pekka Rinne with a rebound.
1:01 of 2nd period - Slapshot by Johnny Oduya.
1:01 of 2nd period - Deflect By Peter Prucha.
1:01 of 2nd period - Stopped by Pekka Rinne with a rebound.
1:03 of 2nd period - Slapshot by Alex Chiasson.
1:03 of 2nd period - Stopped by Pekka Rinne with a rebound.
1:13 of 2nd period - Patrick Sharp is hit by Tom Poti and loses puck.
1:39 of 2nd period - Penalty to David Backes is over, David Backes is back on ice.
1:56 of 2nd period - Antoine Vermette is hit by Patrik Berglund and loses puck.
2:06 of 2nd period - Penalty to John Tavares is over, John Tavares is back on ice.
2:15 of 2nd period - John Tavares is hit by Colin Wilson and loses puck.
2:26 of 2nd period - Slapshot by Cory Emmerton.
2:26 of 2nd period - Stopped by Pekka Rinne without a rebound.
2:27 of 2nd period - Jonathan Ferland wins face-off versus Cory Emmerton in Flames zone.
3:14 of 2nd period - Snap shot by Evgeny Grachev.
3:14 of 2nd period - Shot Misses the Net.
3:38 of 2nd period - Snap shot by Guillaume Latendresse.
3:38 of 2nd period - Stopped by Pekka Rinne without a rebound.
3:39 of 2nd period - Patrik Berglund wins face-off versus Antoine Vermette in Flames zone.
4:28 of 2nd period - Cory Emmerton is hit by Jordin Tootoo and loses puck.
4:37 of 2nd period - Wrist shot by Jordin Tootoo.
4:37 of 2nd period - Shot Blocked by Drew Fata.
4:50 of 2nd period - Minor Penalty to Mikhail Grabovski for Hooking.
4:51 of 2nd period - John Tavares wins face-off versus Eric Staal in Flames zone.
5:19 of 2nd period - Snap shot by Brad Marchand.
5:19 of 2nd period - Shot Blocked by Brian Lee.
5:21 of 2nd period - Snap shot by Brad Marchand.
5:21 of 2nd period - Shot Misses the Net.
5:33 of 2nd period - Slapshot by John Tavares.
5:33 of 2nd period - Shot Blocked by Tom Poti.
6:50 of 2nd period - Penalty to Mikhail Grabovski is over, Mikhail Grabovski is back on ice.
6:59 of 2nd period - Snap shot by Dustin Penner.
6:59 of 2nd period - Deflect By Evgeny Grachev.
6:59 of 2nd period - Stopped by Pekka Rinne with a rebound.
7:25 of 2nd period - Icing by Mikhail Grabovski.
7:26 of 2nd period - John Tavares wins face-off versus Eric Staal in Flames zone.
7:27 of 2nd period - Wrist shot by Guillaume Latendresse.
7:27 of 2nd period - Stopped by Pekka Rinne without a rebound.
7:28 of 2nd period - Eric Staal wins face-off versus John Tavares in Flames zone.
7:41 of 2nd period - Snap shot by John Tavares.
7:41 of 2nd period - Stopped by Pekka Rinne with a rebound.
7:53 of 2nd period - Snap shot by Patrik Berglund.
7:53 of 2nd period - Shot Misses the Net.
7:55 of 2nd period - Slapshot by Peter Prucha.
7:55 of 2nd period - Shot Misses the Net.
7:57 of 2nd period - Slapshot by Erik Johnson.
7:57 of 2nd period - Shot Misses the Net.
7:59 of 2nd period - Wrist shot by Patrik Berglund.
7:59 of 2nd period - Shot Blocked by Jussi Jokinen.
9:49 of 2nd period - Wrist shot by Michael Grabner.
9:49 of 2nd period - Stopped by Pekka Rinne without a rebound.
9:50 of 2nd period - Antoine Vermette wins face-off versus Eric Staal in Flames zone.
10:03 of 2nd period - Backhand shot by Jussi Jokinen.
10:03 of 2nd period - Shot Misses the Net.
10:56 of 2nd period - Wrist shot by Johnny Oduya.
10:56 of 2nd period - Stopped by Pekka Rinne with a rebound.
12:08 of 2nd period - Snap shot by David Ullstrom.
12:08 of 2nd period - Shot Misses the Net.
12:10 of 2nd period - Slapshot by Colin Wilson.
12:10 of 2nd period - Stopped by Brian Elliott without a rebound.
12:11 of 2nd period - John Tavares wins face-off versus Eric Staal in Stars zone.
13:02 of 2nd period - Wrist shot by David Ullstrom.
13:02 of 2nd period - Stopped by Brian Elliott with a rebound.
13:04 of 2nd period - Slapshot by Tom Poti.
13:04 of 2nd period - Shot Misses the Net.
13:06 of 2nd period - Slapshot by Erik Johnson.
13:06 of 2nd period - Deflect By Drew Fata.
13:06 of 2nd period - Stopped by Brian Elliott without a rebound.
13:07 of 2nd period - Eric Staal wins face-off versus John Tavares in Stars zone.
13:10 of 2nd period - Snap shot by Eric Staal.
13:10 of 2nd period - Stopped by Brian Elliott with a rebound.
13:49 of 2nd period - Johnny Oduya is hit by Patrik Berglund and loses puck.
14:11 of 2nd period - Derek Meech is hit by B.J. Crombeen and loses puck.
14:48 of 2nd period - Snap shot by Dustin Penner.
14:48 of 2nd period - Stopped by Pekka Rinne with a rebound.
14:50 of 2nd period - Slapshot by Ian White.
14:50 of 2nd period - Stopped by Pekka Rinne without a rebound.
14:51 of 2nd period - Eric Staal wins face-off versus John Tavares in Flames zone.
15:51 of 2nd period - Double Minor Penalty to Jordin Tootoo for Roughing.
15:52 of 2nd period - David Ullstrom wins face-off versus John Tavares in Flames zone.
19:51 of 2nd period - Penalty to Jordin Tootoo is over, Jordin Tootoo is back on ice.
Goals for this period are 0 for Stars vs 0 for Flames.
Shots for this period are 13 for Stars vs 4 for Flames.
3rd period
0:01 of 3rd period - Eric Staal wins face-off versus John Tavares in neutral zone.
0:04 of 3rd period - Slapshot by Erik Johnson.
0:04 of 3rd period - Deflect By Eric Staal.
0:04 of 3rd period - Stopped by Brian Elliott without a rebound.
0:05 of 3rd period - Eric Staal wins face-off versus John Tavares in Stars zone.
0:50 of 3rd period - Minor Penalty to Michael Grabner for Hooking.
0:51 of 3rd period - Eric Staal wins face-off versus John Tavares in Stars zone.
0:56 of 3rd period - Wrist shot by Eric Staal.
0:56 of 3rd period - Shot Misses the Net.
0:58 of 3rd period - Snap shot by Eric Staal.
0:58 of 3rd period - Shot Misses the Net.
1:00 of 3rd period - Slapshot by David Backes.
1:00 of 3rd period - Goal by David Backes - Stars : 1 - Flames : 2.
1:01 of 3rd period - Eric Staal wins face-off versus Guillaume Latendresse in neutral zone.
1:28 of 3rd period - Drew Fata is hit by Peter Prucha.
1:50 of 3rd period - Off-side.
1:51 of 3rd period - Colin Wilson wins face-off versus Cory Emmerton in neutral zone.
1:53 of 3rd period - Off-side.
1:54 of 3rd period - John Tavares wins face-off versus Jordin Tootoo in neutral zone.
2:48 of 3rd period - Snap shot by B.J. Crombeen.
2:48 of 3rd period - Shot Blocked by Tom Poti.
2:50 of 3rd period - Snap shot by Ian White.
2:50 of 3rd period - Stopped by Pekka Rinne without a rebound.
2:51 of 3rd period - John Tavares wins face-off versus Patrik Berglund in Flames zone.
3:02 of 3rd period - Tom Poti is hit by Brian Lee and loses puck.
3:07 of 3rd period - Slapshot by Guillaume Latendresse.
3:07 of 3rd period - Stopped by Pekka Rinne with a rebound.
3:17 of 3rd period - Peter Prucha is hit by B.J. Crombeen and loses puck.
3:26 of 3rd period - Snap shot by B.J. Crombeen.
3:26 of 3rd period - Shot Blocked by Peter Prucha.
3:38 of 3rd period - Slapshot by Peter Prucha.
3:38 of 3rd period - Stopped by Brian Elliott with a rebound.
3:42 of 3rd period - Wrist shot by Patrik Berglund.
3:42 of 3rd period - Stopped by Brian Elliott without a rebound.
3:43 of 3rd period - John Tavares wins face-off versus Eric Staal in Stars zone.
3:58 of 3rd period - Backhand shot by Guillaume Latendresse.
3:58 of 3rd period - Shot Blocked by David Backes.
4:10 of 3rd period - Jussi Jokinen is hit by Colin Wilson.
5:11 of 3rd period - Sami Vatanen is hit by Guillaume Latendresse and loses puck.
5:35 of 3rd period - Wrist shot by Brad Marchand.
5:35 of 3rd period - Stopped by Brian Elliott with a rebound.
5:37 of 3rd period - Backhand shot by Sami Vatanen.
5:37 of 3rd period - Stopped by Brian Elliott with a rebound.
5:58 of 3rd period - Wrist shot by Evgeny Grachev.
5:58 of 3rd period - Shot Blocked by Sami Vatanen.
6:24 of 3rd period - Wrist shot by Eric Staal.
6:24 of 3rd period - Shot Blocked by Brian Lee.
6:26 of 3rd period - Slapshot by Sami Vatanen.
6:26 of 3rd period - Shot Misses the Net.
6:28 of 3rd period - Wrist shot by David Backes.
6:28 of 3rd period - Stopped by Brian Elliott without a rebound.
6:29 of 3rd period - Eric Staal wins face-off versus Antoine Vermette in Stars zone.
6:52 of 3rd period - Minor Penalty to Jussi Jokinen for Roughing.
6:53 of 3rd period - John Tavares wins face-off versus Eric Staal in Stars zone.
7:04 of 3rd period - Snap shot by Eric Staal.
7:04 of 3rd period - Stopped by Brian Elliott without a rebound.
7:05 of 3rd period - Eric Staal wins face-off versus John Tavares in Stars zone.
7:16 of 3rd period - Slapshot by Eric Staal.
7:16 of 3rd period - Shot Blocked by Drew Fata.
7:38 of 3rd period - Drew Fata is hit by Brad Marchand and loses puck.
7:45 of 3rd period - Minor Penalty to Jordin Tootoo for Tripping.
7:46 of 3rd period - Eric Staal wins face-off versus Guillaume Latendresse in Flames zone.
8:52 of 3rd period - Penalty to Jussi Jokinen is over, Jussi Jokinen is back on ice.
8:59 of 3rd period - Wrist shot by B.J. Crombeen.
8:59 of 3rd period - Deflect By Erik Johnson.
8:59 of 3rd period - Stopped by Pekka Rinne with a rebound.
9:45 of 3rd period - Penalty to Jordin Tootoo is over, Jordin Tootoo is back on ice.
10:49 of 3rd period - Snap shot by Evgeny Grachev.
10:49 of 3rd period - Stopped by Pekka Rinne with a rebound.
12:34 of 3rd period - Wrist shot by Niklas Hjalmarsson.
12:34 of 3rd period - Shot Blocked by David Ullstrom.
12:36 of 3rd period - Slapshot by Boris Valabik.
12:36 of 3rd period - Deflect By Evgeny Grachev.
12:36 of 3rd period - Goal by Evgeny Grachev - Stars : 2 - Flames : 2.
12:37 of 3rd period - Eric Staal wins face-off versus John Tavares in neutral zone.
12:48 of 3rd period - Snap shot by Eric Staal.
12:48 of 3rd period - Shot Blocked by Ian White.
13:32 of 3rd period - Snap shot by Jonathan Ferland.
13:32 of 3rd period - Shot Blocked by Johnny Oduya.
13:36 of 3rd period - Snap shot by Mikhail Grabovski.
13:36 of 3rd period - Shot Misses the Net.
13:51 of 3rd period - Wrist shot by Evgeny Grachev.
13:51 of 3rd period - Shot Misses the Net.
14:24 of 3rd period - Minor Penalty to Brendan Mikkelson for Hooking.
14:25 of 3rd period - John Tavares wins face-off versus Eric Staal in Flames zone.
14:26 of 3rd period - Snap shot by Guillaume Latendresse.
14:26 of 3rd period - Shot Blocked by Eric Staal.
15:02 of 3rd period - Wrist shot by Michael Grabner.
15:02 of 3rd period - Goal by Michael Grabner - Stars : 3 - Flames : 2.
15:03 of 3rd period - Colin Wilson wins face-off versus Patrick Sharp in neutral zone.
15:14 of 3rd period - Slapshot by Cory Emmerton.
15:14 of 3rd period - Shot Misses the Net.
15:16 of 3rd period - Slapshot by Patrick Sharp.
15:16 of 3rd period - Goal by Patrick Sharp - Stars : 4 - Flames : 2.
15:17 of 3rd period - Colin Wilson wins face-off versus Cory Emmerton in neutral zone.
15:19 of 3rd period - Minor Penalty to Jordin Tootoo for Holding Stick.
15:20 of 3rd period - Eric Staal wins face-off versus John Tavares in Flames zone.
17:19 of 3rd period - Penalty to Jordin Tootoo is over, Jordin Tootoo is back on ice.
17:39 of 3rd period - Dustin Penner is hit by Peter Prucha and loses puck.
19:25 of 3rd period - Alexander Semin is hit by Patrick Sharp and loses puck.
Goals for this period are 3 for Stars vs 1 for Flames.
Shots for this period are 7 for Stars vs 8 for Flames.
Back to the Top